 Dungeon Crawl Stone Soup version 0.28-a0-1447-ga5a8893891 (webtiles) character file.

Game seed: 8538912551499962613

156 browni3141 the Shield-Bearer (level 5, 0/41 HPs)
             Began as a Human Fighter on Jan 11, 2022.
             Succumbed to an orc's poison
             ... on level 3 of the Dungeon.
             The game lasted 00:05:27 (3533 turns).

browni3141 the Shield-Bearer (Human Fighter)        Turns: 3533, Time: 00:05:27

Health: 0/41       AC:  7    Str: 18    XL:     5   Next: 64%
Magic:  5/5        EV:  9    Int:  8    God:
Gold:   163        SH:  5    Dex: 13    Spells: 4/4 levels left

rFire   . . .      SeeInvis .   k - +0 scimitar
rCold   . . .      Faith    .   c - +0 buckler
rNeg    . . .      Spirit   .   b - +0 scale mail
rPois   .          Reflect  .   (no helmet)
rElec   .          Harm     .   i - +0 cloak
rCorr   .          Rampage  .   (no gloves)
Will    .....                   (no boots)
Stlth   ..........              (no amulet)
HPRegen 0.13/turn               (no ring)
MPRegen 0.09/turn               (no ring)

@: mighty, brilliant, lethally poisoned (0 -> -3), flying
A: no striking features
a: no special abilities


You were on level 3 of the Dungeon.
You visited 1 branch of the dungeon, and saw 3 of its levels.

You collected 163 gold pieces.

Inventory:

Hand Weapons
 a - a +0 long sword
 k - a +0 scimitar (weapon)
Missiles
 n - 7 sling bullets
Armour
 b - a +0 scale mail (worn)
 c - a +0 buckler (worn)
 i - a +0 cloak (worn)
Jewellery
 j - a ring of ice
Scrolls
 e - a scroll of silence
 g - a scroll of noise {unknown}
 h - a scroll of fear
 o - a scroll of fog {unknown}
 p - a scroll of immolation {unknown}
 q - a scroll of holy word {unknown}


   Skills:
 - Level 3.0 Fighting
 + Level 3.6 Long Blades
 - Level 3.0 Armour
 - Level 5.0 Shields


You had 4 spell levels left.
You didn't know any spells.
Your spell library contained the following spells:

 Spells                   Type           Power      Damage    Failure   Level
 Gell's Gravitas          Tloc           0%         N/A       99%         3
 Teleport Other           Tloc           0%         N/A       99%         3
 Dispersal                Tloc           0%         N/A       100%        6


Dungeon Overview and Level Annotations

Branches:
Dungeon (3/15)

Altars:

Shops:
D:1 *

Portals:
Abyss: D:3

Annotations:
D:3 2 transporters, Clumpoid's ghost, amateur GnFi


Message History

You barely miss the orc.
The orc is lightly wounded.
You feel very sick. The orc hits you but does no damage.
You are lethally poisoned!
You feel very mighty all of a sudden.
You feel very sick. You block the orc's attack.
You hit the orc.
The orc is heavily wounded.
* * * LOW HITPOINT WARNING * * *
You feel very sick. The orc barely misses you.
Unknown command.
You slash the orc!
You kill the orc!
* * * LOW HITPOINT WARNING * * *
You feel very sick.
Unknown command.
It was a potion of brilliance.
You feel clever all of a sudden.
* * * LOW HITPOINT WARNING * * *
You feel very sick.
Unknown command.
It was a potion of flight.
You feel very buoyant.
You fly up into the air.
* * * LOW HITPOINT WARNING * * *
You feel sick.
As you read the scroll labelled TORCHID ZAXOALU, it crumbles to dust.
It is a scroll of identify.
e - a scroll of silence
* * * LOW HITPOINT WARNING * * *
You feel sick.
Okay, then.
There is a lethal amount of poison in your body!
Unknown command.
* * * LOW HITPOINT WARNING * * *
You feel sick.
You die...

### ####)####
######## #...#...#
#......# #..###..#
#.####.# ##@##
##.###†####.# #.##
##....#...o. ##.#
##.##o..o.#.#
#..###..##....>..#
#...#...###......#
#.#### ###.####
#.# ### #.# ##
####.# ####### #.


There were no monsters in sight!

Vanquished Creatures
  4 gnolls
  3 adders (D:2)
  5 worms
  A dart slug (D:1)
  An orc (D:3)
  8 bats
  6 endoplasms
  A giant cockroach (D:1)
  8 goblins
  9 hobgoblins
  4 quokkas
  8 ball pythons
  2 frilled lizards (D:1)
  8 kobolds
  5 rats
73 creatures vanquished.

Notes
Turn   | Place    | Note
-------+----------+-------------------------------------------
     0 | D:1      | browni3141 the Human Fighter began the quest for the Orb.
     0 | D:1      | Reached XP level 1. HP: 18/18 MP: 1/1
    38 | D:1      | Reached XP level 2. HP: 24/24 MP: 2/2
   363 | D:1      | Reached skill level 4 in Shields
   363 | D:1      | Reached XP level 3. HP: 20/29 MP: 3/3
   891 | D:1      | Found Istria's Assorted Antiques.
  1249 | D:2      | Reached XP level 4. HP: 23/35 MP: 4/4
  2105 | D:2      | Reached XP level 5. HP: 16/41 MP: 5/5
  3239 | D:3      | Reached skill level 5 in Shields
  3324 | D:3      | Noticed a small abomination
  3337 | D:3      | Noticed a kobold brigand
  3347 | D:3      | Found a one-way gate to the infinite horrors of the Abyss.
  3356 | D:3      | Found a transporter.
  3356 | D:3      | Noticed Clumpoid's ghost (amateur GnFi)
  3375 | D:3      | Found a transporter.
  3532 | D:3      | HP: 1/41 [poisoned by an orc]
  3533 | D:3      | Succumbed to an orc's poison

Illustrated notes

Levels and vault maps discovered:
D:1:      moated_graveyard_arrival, layout_loops_ring, serial_shops,
          shop_fountains, chequers_mini_garden
D:2:      minmay_angry_zag, layout_loops_corners
D:3:      layout_loops_cross, ebering_ecumenical_altar_sacrificial,
          gammafunk_ghost_abyssal_escape

Skill      XL: |  1  2  3  4  5 |
---------------+----------------+-----
Shields        | 4 5 |  5.0
Long Blades    | 3 |  3.6
Fighting       | |  3.0
Armour         | |  3.0

Action                   |  1- 3 |  4- 6 || total
-------------------------+-------+-------++-------
Melee: Long sword        |   105 |    53 ||   158
       Scimitar          |       |    90 ||    90
  Use: Potion            |       |     3 ||     3
       Scroll            |       |     2 ||     2
Armor: Scale mail        |    48 |    58 ||   106
Dodge: Dodged            |    51 |    67 ||   118
Block: Buckler           |    24 |    48 ||    72

Table legend: (Time is in decaauts)
 A = Elapsed time spent in this place.
 B = Non-inter-level travel time spent in this place.
 C = Inter-level travel time spent in this place.
 D = Time resting spent in this place.
 E = Time spent auto-exploring this place.
 F = Levels seen in this place.
 G = Mean time per level.
                   A        B        C        D        E       F      G
               +--------+--------+--------+--------+--------+-----+--------+
         Total |   3608 |   3475 |    133 |    202 |   2534 |   3 | 1202.7 |
       Dungeon |   3608 |   3475 |    133 |    202 |   2534 |   3 | 1202.7 |
               +--------+--------+--------+--------+--------+-----+--------+

Top non-repeatable levels by time:
     D:2: 1705 daAuts
     D:1: 1502 daAuts
     D:3: 399 daAuts
